 Dungeon Crawl Stone Soup version 0.28.0-43-g3370ac3207 (webtiles) character file.

Game seed: 1446103072037127819

1151 joshe the Ruffian (level 8, -4/75 HPs)
             Began as a Troll Transmuter on Mar 12, 2022.
             Slain by an orc wizard
             ... wielding a +2 dagger of electrocution
              (15 damage)
             ... on level 5 of the Dungeon.
             The game lasted 00:24:13 (3617 turns).

joshe the Ruffian (Troll Transmuter)                Turns: 3617, Time: 00:24:15

Health: -4/75      AC:  4    Str: 19    XL:     8   Next: 15%
Magic:  6/10       EV: 10    Int: 11    God:
Gold:   147        SH:  0    Dex: 10    Spells: 8/11 levels left

rFire   + . .      SeeInvis .     - Unarmed
rCold   . . .      Faith    .   (no shield)
rNeg    . . .      Spirit   .   a - +0 robe
rPois   .          Reflect  .   (helmet currently unavailable)
rElec   .          Harm     .   (no cloak)
rCorr   .          Rampage  .   (gloves unavailable)
Will    .....                   (boots unavailable)
Stlth   +.........              (no amulet)
HPRegen 1.02/turn               c - ring of protection from fire
MPRegen 0.12/turn               (no ring)

@: appendages (expiring), wereblooded
A: horns 2, talons 2, large, unfitting armour, claws 3, regeneration 1, shaggy
fur 1, tough skin 1
a: End Transformation


You were on level 5 of the Dungeon.
You had temporarily grown beastly horns and talons.
You visited 1 branch of the dungeon, and saw 5 of its levels.
You also visited: Sewer.

You collected 147 gold pieces.

Inventory:

Hand Weapons
 l - a +0 executioner's axe
 p - a +2 dagger of electrocution
Missiles
 g - 3 throwing nets
Armour
 a - a +0 robe (worn)
 h - a +1 kite shield
Jewellery
 c - a ring of protection from fire (left claw)
Wands
 m - a wand of iceblast (8)
Scrolls
 d - a scroll of teleportation
 f - a scroll of immolation
 q - a scroll of enchant armour
Potions
 b - 3 potions of curing {unknown}
 e - a potion of resistance {unknown}
 i - 3 potions of brilliance {unknown}
 j - 2 potions of degeneration {unknown}
 k - 2 potions of mutation {unknown}
 n - 4 potions of heal wounds {unknown}
 o - a potion of haste
 r - 3 potions of invisibility {unknown}
 s - a potion of might {unknown}
 t - 2 potions of cancellation {unknown}
 u - a potion of flight {unknown}


   Skills:
 - Level 3.0 Fighting
 - Level 2.0 Dodging
 - Level 7.0 Unarmed Combat
 - Level 2.0 Spellcasting
 - Level 4.0 Transmutations
 + Level 1.7 Evocations


You had 8 spell levels left.
You knew the following spells:

 Your Spells              Type           Power      Damage    Failure   Level
a - Beastly Appendage     Tmut           18%        N/A       5%          1
b - Wereblood             Tmut           9%         N/A       9%          2

Your spell library contained the following spells:

 Spells                   Type           Power      Damage    Failure   Level
 Animate Skeleton         Necr           2%         N/A       28%         1
 Pain                     Necr           4%         1d4       28%         1
 Slow                     Hex            4%         N/A       28%         1
 Summon Small Mammal      Summ           4%         N/A       28%         1
 Spider Form              Tmut/Pois      5%         N/A       36%         3
 Confusing Touch          Hex            1%         N/A       65%         3
 Vampiric Draining        Necr           1%         2d6       65%         3
 Ice Form                 Ice/Tmut       5%         N/A       77%         4
 Dispersal                Tloc           0%         N/A       100%        6
 Disjunction              Tloc           0%         N/A       100%        8


Dungeon Overview and Level Annotations

Branches:
Dungeon (5/15)              Sewer (visited)
 Temple: D:4-7

Altars:
Hepliaklqana
Makhleb
Ru
Vehumet


Innate Abilities, Weirdness & Mutations

You have temporarily grown beastly horns and talons.
You are too large for most types of armour.
You have claws for hands.
Your natural rate of healing is unusually fast.
You are covered in fur. (AC +1)
You have tough skin. (AC +1)


Message History

Keep equipping yourself?
You stop putting on your armour.
Casting: Beastly Appendage (safe; 5% risk of failure)
Confirm with . or Enter, or press ? or * to list all spells.
You extend your transformation's duration.
The howler monkey howls!
The howler monkey hoots and howls with incredible vigour!
A scorpion comes into view.
You hear a shout! x3
Casting: Beastly Appendage (safe; 5% risk of failure)
Confirm with . or Enter, or press ? or * to list all spells.
Your blood is infused with primal strength.
An orc wizard comes into view.
It is wielding a +2 dagger of electrocution.
Your transformation is almost over.
You claw the howler monkey!
The howler monkey is severely wounded.
The howler monkey hits you.
You closely miss the howler monkey. You claw the howler monkey.
You feel a bit better.
You kill the howler monkey!
Your Evocations skill increases to level 1!
The scorpion stings you.
You scratch the scorpion. You claw the scorpion.
The scorpion is heavily wounded.
The scorpion barely misses you.
You claw the scorpion!
You feel a bit better.
You kill the scorpion!
You claw the orc wizard! You headbutt the orc wizard.
The orc wizard is severely wounded.
The orc wizard hits you with a +2 dagger of electrocution.
You are electrocuted!!
* * * LOW HITPOINT WARNING * * *
You barely miss the orc wizard. Your kick misses the orc wizard.
You headbutt the orc wizard, but do no damage.
Your claw misses the orc wizard.
The orc wizard is severely wounded.
The orc wizard hits you with a +2 dagger of electrocution.
* * * LOW HITPOINT WARNING * * *
You are electrocuted!
You die...

#####.# #>5...#
#5###......
#.######.# .....
.........# .K5.
#........# ##.
#.######.####.##
####........
#.@o......[.
#†#######.## #.#
# #.# #.# #.#
... ... ###


You could see an orc wizard.

Vanquished Creatures
  Pikel (D:5)
  Grinder (D:3)
  A lemure (D:5)
  A kobold brigand (Sewer)
  A scorpion (D:5)
  A howler monkey (D:5)
  2 hounds (D:4)
  An orc priest (D:3)
  Ijyb (D:3)
  An orc wizard (D:3)
  4 gnolls (D:3)
  4 adders
  5 river rats
  4 worms
  A dart slug (D:3)
  2 orcs (D:3)
  6 endoplasms
  4 giant cockroaches
  9 goblins
  8 hobgoblins
  22 kobolds
  4 quokkas
  8 ball pythons
  2 frilled lizards
  26 rats
120 creatures vanquished.

Notes
Turn   | Place    | Note
-------+----------+-------------------------------------------
     0 | D:1      | joshe the Troll Transmuter began the quest for the Orb.
     0 | D:1      | Reached XP level 1. HP: 18/18 MP: 1/1
   250 | D:1      | Reached XP level 2. HP: 26/26 MP: 0/2
   253 | D:1      | Reached skill level 1 in Fighting
   301 | D:1      | Found a faded altar of an unknown god.
   315 | D:1      | Got Plato's Papyrus of the Escort
   545 | D:1      | Found a sacrificial altar of Ru.
   696 | D:2      | Reached XP level 3. HP: 32/33 MP: 1/3
   935 | D:2      | Learned a level 2 spell: Wereblood
  1059 | D:2      | Reached skill level 4 in Unarmed Combat
  1154 | D:3      | Reached XP level 4. HP: 23/41 MP: 1/4
  1264 | D:3      | Found a hazy altar of Hepliaklqana.
  1300 | D:3      | Noticed Grinder
  1441 | D:3      | Noticed Ijyb
  1450 | D:3      | Killed Ijyb
  1658 | D:3      | Reached XP level 5. HP: 49/49 MP: 2/5
  2022 | D:4      | Found a glowing drain.
  2026 | Sewer    | Entered a sewer
  2092 | Sewer    | Reached XP level 6. HP: 57/57 MP: 2/6
  2656 | D:4      | Found a radiant altar of Vehumet.
  2720 | D:4      | Found a burning altar of Makhleb.
  3418 | D:3      | Killed Grinder
  3419 | D:3      | Reached skill level 5 in Unarmed Combat
  3419 | D:3      | Reached XP level 7. HP: 35/65 MP: 6/9
  3563 | D:5      | Entered Level 5 of the Dungeon
  3585 | D:5      | Noticed Pikel
  3603 | D:5      | Killed Pikel
  3604 | D:5      | Reached skill level 7 in Unarmed Combat
  3604 | D:5      | Reached XP level 8. HP: 24/75 MP: 7/10
  3612 | D:5      | Reached skill level 1 in Evocations
  3617 | D:5      | Slain by an orc wizard

Illustrated notes

Levels and vault maps discovered:
D:1:      dpeg_arrival_water_altar, layout_basic,
          shapermc_ecumenical_altar_rom_forum, ebering_dispersal_statue_hall,
          palyth_stone_intersect, chequers_big_river
D:2:      layout_rooms
D:3:      layout_basic, worldfamousw_hep_ancestral_shrine, uniq_ijyb,
          uniq_grinder
D:4:      layout_cave_pods, fiery_altar_vehumet, mainiacjoe_overflow_brackets,
          gup_sewer_entry_spiral
D:5:      layout_loops_ring, uniq_pikel

Skill      XL: |  1  2  3  4  5  6  7  8 |
---------------+-------------------------+-----
Transmutations | 2 3 4 |  4.0
Fighting       | 1 2 3 |  3.0
Unarmed Combat | 4 5 7 |  7.0
Dodging        | 2 |  2.0
Spellcasting   | 2 |  2.0
Evocations     | 1 |  1.7

Action                   |  1- 3 |  4- 6 |  7- 9 || total
-------------------------+-------+-------+-------++-------
Melee: Unarmed           |    46 |   161 |    33 ||   240
       Headbutt          |     6 |    15 |     7 ||    28
       Kick              |     6 |    29 |     9 ||    44
       Punch             |     1 |     2 |       ||     3
 Cast: Beastly Appendage |    13 |    26 |     4 ||    43
       Wereblood         |     1 |    10 |     2 ||    13
  Use: Scroll            |     5 |     1 |       ||     6
Armor: Robe              |    13 |    35 |     3 ||    51
Dodge: Dodged            |    17 |    56 |     8 ||    81
